 Dungeon Crawl Stone Soup version 0.22.1-1-ga44c0e5 (webtiles) character file.

6286 Velaskes the Slicer (level 10, 0/53 HPs)
             Began as a Vine Stalker Fighter on Nov 1, 2018.
             Succumbed to a killer bee's poison
             ... on level 10 of the Dungeon.
             The game lasted 00:36:56 (8489 turns).

Velaskes the Slicer (Vine Stalker Fighter)          Turns: 8489, Time: 00:36:57

Health: 0/53       AC: 13    Str: 23    XL:     10   Next: 94%
Magic:  2/11       EV: 10    Int: 10    God:
Gold:   609        SH: 14    Dex: 13    Spells: 9/9 levels left

rFire    . . .     SeeInvis .   a - +3 rapier
rCold    . . .     Gourm    .   c - +3 shield
rNeg     . . .     Faith    .   b - +0 scale mail
rPois    +         Spirit   +   (helmet restricted)
rElec    .         Reflect  .   d - +2 cloak
rCorr    .         Harm     .   l - +0 pair of gloves
MR       +....                  (no boots)
Stlth    ..........             f - amulet of magic regeneration
HPRegen  0.57/turn              A - ring of wizardry
MPRegen  0.37/turn              D - ring of poison resistance

@: lethally poisoned (0 -> -1)
A: antennae 1, fangs 3, clever 1, regeneration 1, shaggy fur 1, magic shield,
antimagic bite, no potion heal 3, rot immunity, subdued magic 1
a: no special abilities


You were on level 10 of the Dungeon.
You were not hungry.

You visited 1 branch of the dungeon, and saw 10 of its levels.

You collected 609 gold pieces.

Inventory:

Hand Weapons
 a - a +3 rapier (weapon)
 p - a +2 dire flail of protection
 B - the +10 battleaxe "Rinenkub" {drain, MR++ Str+2, unknown}
   (You found it on level 9 of the Dungeon)

   A truly terrible weapon, it drains the life of those it strikes.
   It affects your strength (+2).
   It affects your resistance to hostile enchantments.
Missiles
 x - 2 throwing nets (quivered)
Armour
 b - a +0 scale mail (worn)
 c - a +3 shield (worn)
 d - a +2 cloak (worn)
 l - a +0 pair of gloves (worn)
 n - the +1 chain mail "Nuiluqie" {Str-5 Dex+3}
   (You found it on level 3 of the Dungeon)

   It affects your strength (-5).
   It affects your dexterity (+3).
 r - a scarf of repulsion
 t - a +0 robe
 z - a +0 animal skin
 E - the +1 ring mail of Kleptomania {rF- MR++ Int+5}
   (You found it on level 9 of the Dungeon)

   It affects your intelligence (+5).
   It makes you vulnerable to fire.
   It affects your resistance to hostile enchantments.
Jewellery
 f - an amulet of magic regeneration (around neck)
 i - an uncursed ring of teleportation
 A - a ring of wizardry (left hand)
 D - a ring of poison resistance (right hand)
Wands
 o - a wand of scattershot (14)
 y - a wand of flame (10)
 G - a wand of polymorph (11)
Scrolls
 g - 4 scrolls of identify
 h - 3 scrolls of teleportation
 k - 3 scrolls of remove curse
 m - a scroll of amnesia
 v - 3 scrolls of fear
 C - a scroll of holy word {unknown}
 F - a scroll of summoning {unknown}
 H - a scroll of enchant armour
Potions
 e - a potion of invisibility
 q - a potion of curing
 s - 3 potions of ambrosia
 u - 2 potions of magic
 w - a potion of berserk rage
Comestibles
 j - 13 rations


   Skills:
 + Level 6.0 Fighting
 + Level 9.5 Short Blades
 + Level 6.5 Armour
 + Level 3.2 Dodging
 + Level 1.2 Stealth
 + Level 7.1 Shields
 + Level 0.7 Evocations


You had 9 spell levels left.
You didn't know any spells.
Your spell library contained the following spells:

 Spells                   Type           Power        Failure   Level  Hunger
 Animate Skeleton         Necr           N/A          63%         1    ##.....
 Confusing Touch          Hex            #.....       63%         1    ##.....
 Pain                     Necr           #...         63%         1    ##.....
 Shock                    Conj/Air       #...         63%         1    ##.....
 Swiftness                Chrm/Air       #.......     77%         2    ###....
 Confuse                  Hex            #.......     92%         3    ####...
 Gell's Gravitas          Tloc           #.........   92%         3    ####...
 Regeneration             Chrm/Necr      #.........   92%         3    ####...
 Static Discharge         Conj/Air       #.......     92%         3    ####...
 Vampiric Draining        Necr           #.........   92%         3    ####...
 Airstrike                Air            #.........   100%        4    #####..
 Animate Dead             Necr           N/A          100%        4    #####..
 Leda's Liquefaction      Hex/Erth       #.........   100%        4    #####..
 Petrify                  Tmut/Erth      #.......     100%        4    #####..
 Bolt of Magma            Conj/Fire/Erth #.........   100%        5    ######.
 Lightning Bolt           Conj/Air       #.........   100%        5    ######.
 Metabolic Englaciation   Hex/Ice        #.........   100%        5    ######.
 Yara's Violent Unravell  Hex/Tmut       #.........   100%        5    ######.
 Iron Shot                Conj/Erth      #.........   100%        6    #######
 Statue Form              Tmut/Erth      #........    100%        6    #######
 Shatter                  Erth           #.........   100%        9    #######


Dungeon Overview and Level Annotations

Branches:
Dungeon (10/15)            Temple (0/1) D:6
   Lair: D:8-11         Orc: D:9-12

Altars:
Elyvilon
Kikubaaqudgha
Makhleb
Okawaru
Ru
Sif Muna
Uskayaw
Vehumet
Xom
Yredelemnul


Innate Abilities, Weirdness & Mutations

You have razor-sharp teeth.
Your natural rate of healing is unusually fast.
When hurt, damage is shared between your health and your magic reserves.
Your bite disrupts and absorbs the magic of your enemies.
Potions cannot restore your health.
You are immune to rotting.
You have a pair of small antennae on your head.
Your mind is acute. (Int +2)
You are covered in fur. (AC +1)
Your spells are a little easier to cast, but a little less powerful.


Message History

You are more poisoned.
The killer bee poisons you! The killer bee closely misses you.
The killer bee barely misses you.
The killer bee stings you but does no damage.
You feel sick.
The killer bee is no longer berserk.
The killer bee stings you.
* * * LOW HITPOINT WARNING * * *
You block the killer bee's attack. The killer bee stings you!
* * * LOW HITPOINT WARNING * * *
You block the killer bee's attack.
There is an open door, spattered with blood here.
* * * LOW HITPOINT WARNING * * *
You feel sick.
The killer bee stings you but does no damage. x2
You miss the killer bee.
* * * LOW HITPOINT WARNING * * *
You feel sick. You block the killer bee's attack. x2
The killer bee closely misses you.
You puncture the killer bee! Your bite misses the killer bee.
The killer bee is moderately wounded.
You die...

###### #.#
##########....########.#
+....y...'...yy@....##.#
#....y.###...y##....##.#
#......{.#....##)...##.#
##......#.#....##....##.########.
##......#.#....##....##.#........
##......#....####....##'#'####.#
....#####....+ +...>..)....##.#
...y# y#....# ##...........##(#
#...# y#...[#..............##.#


You could see 3 killer bees.

Vanquished Creatures
  Erolcha (D:9)
  Pikel (D:8)
  Maurice (D:8)
  A troll (D:9)
  A spriggan (D:7)
  5 yaks (D:9)
  2 hungry ghosts
  Menkaure (D:6)
  Edmund (D:5)
  2 sky beasts
  3 orc warriors
  2 ice beasts
  An ogre (D:5)
  4 phantoms
  3 centaurs
  A big kobold (D:9)
  4 bullfrogs
  A scorpion (D:7)
  3 killer bees (D:8)
  2 crimson imps
  A quasit (D:3)
  3 hounds
  5 orc priests
  2 jellies
  3 centaur skeletons
  4 orc wizards
  Crazy Yiuf (D:4)
  Ijyb (D:3)
  2 iguanas
  2 worker ants
  Robin (D:2)
  3 gnolls (D:8)
  7 adders
  3 shadow imps
  An ooze (D:3)
  An adder zombie (D:9)
  4 worms
  A dart slug (D:1)
  3 leopard geckos
  24 orcs
  3 ball pythons (D:1)
  9 bats
  3 giant cockroaches
  15 goblins
  11 hobgoblins
  4 jackals
  14 kobolds
  3 quokkas
  9 frilled lizards
  A jackal skeleton (D:7)
  A leopard gecko skeleton (D:5)
  A quokka skeleton (D:9)
  5 rats
191 creatures vanquished.

Vanquished Creatures (others)
  2 slaves (D:8)
2 creatures vanquished.

Grand Total: 193 creatures vanquished

Notes
Turn   | Place    | Note
-------+----------+-------------------------------------------
     0 | D:1      | Velaskes the Vine Stalker Fighter began the quest for the
                  | Orb.
     0 | D:1      | Reached XP level 1. HP: 11/11 MP: 2/2
    92 | D:1      | Reached XP level 2. HP: 14/16 MP: 3/3
   187 | D:1      | Reached skill level 2 in Short Blades
   428 | D:1      | Reached XP level 3. HP: 19/19 MP: 2/4
  1124 | D:2      | Noticed Robin
  1394 | D:2      | Killed Robin
  1394 | D:2      | Gained mutation: Your natural rate of healing is unusually
                  | fast. [Vine Stalker growth]
  1394 | D:2      | Reached XP level 4. HP: 19/23 MP: 5/5
  1465 | D:2      | Found a faded altar of an unknown god.
  1649 | D:2      | Reached skill level 1 in Dodging
  1804 | D:2      | Found a deep blue altar of Sif Muna.
  2068 | D:3      | Found a transporter.
  2071 | D:3      | Found a deep blue altar of Sif Muna.
  2072 | D:3      | Found a burning altar of Makhleb.
  2074 | D:3      | Found a basalt altar of Yredelemnul.
  2091 | D:3      | Found a transporter.
  2131 | D:3      | Reached skill level 3 in Short Blades
  2131 | D:3      | Reached XP level 5. HP: 25/28 MP: 6/6
  2144 | D:3      | Got an ichor-stained chain mail
  2177 | D:3      | Identified the +1 chain mail "Nuiluqie" {Str-5 Dex+3} (You
                  | found it on level 3 of the Dungeon)
  2324 | D:3      | Found a sacrificial altar of Ru.
  2327 | D:3      | Found a radiant altar of Vehumet.
  2330 | D:3      | Found a hide-covered altar of Uskayaw.
  2344 | D:3      | Found an iron altar of Okawaru.
  2619 | D:3      | Found a shimmering altar of Xom.
  2619 | D:3      | Found a shimmering altar of Xom.
  2715 | D:3      | Noticed Ijyb
  2725 | D:3      | Killed Ijyb
  3134 | D:4      | Found a runed door.
  3134 | D:4      | Noticed Crazy Yiuf
  3137 | D:4      | Killed Crazy Yiuf
  3137 | D:4      | Reached XP level 6. HP: 10/32 MP: 2/7
  3498 | D:5      | Entered Level 5 of the Dungeon
  3609 | D:5      | Reached skill level 4 in Short Blades
  3609 | D:5      | Reached XP level 7. HP: 3/36 MP: 1/8
  3926 | D:5      | Noticed Edmund
  3959 | D:5      | Killed Edmund
  4413 | D:6      | Gained mutation: You have a pair of small antennae on your
                  | head. [potion of mutation]
  4413 | D:6      | Gained mutation: Your spells are a little easier to cast,
                  | but a little less powerful. [potion of mutation]
  4413 | D:6      | Gained mutation: Your mind is acute. (Int +2) [potion of
                  | mutation]
  4413 | D:6      | Gained mutation: You are covered in fur. (AC +1) [potion of
                  | mutation]
  4443 | D:6      | Reached skill level 5 in Short Blades
  4443 | D:6      | Gained mutation: You have razor-sharp teeth. [Vine Stalker
                  | growth]
  4443 | D:6      | Reached XP level 8. HP: 23/40 MP: 9/9
  4748 | D:6      | Noticed Menkaure
  4757 | D:6      | Killed Menkaure
  4784 | D:6      | Found a staircase to the Ecumenical Temple.
  5504 | D:7      | Reached skill level 6 in Short Blades
  5504 | D:7      | Reached skill level 5 in Shields
  5842 | D:7      | Reached skill level 5 in Armour
  5842 | D:7      | Reached skill level 1 in Stealth
  5842 | D:7      | Reached XP level 9. HP: 45/45 MP: 10/10
  6095 | D:7      | Reached skill level 7 in Short Blades
  6602 | D:8      | Noticed Maurice
  6620 | D:8      | Killed Maurice
  6643 | D:8      | Noticed Pikel
  6672 | D:8      | Killed Pikel
  6672 | D:8      | Reached skill level 8 in Short Blades
  6758 | D:8      | Reached XP level 10. HP: 45/51 MP: 11/11
  6800 | D:8      | Found a white marble altar of Elyvilon.
  6821 | D:8      | Reached skill level 5 in Fighting
  7403 | D:9      | Got a shimmering battleaxe
  7650 | D:9      | Found an ancient bone altar of Kikubaaqudgha.
  7850 | D:9      | Got a crude ring mail
  7861 | D:9      | Identified the cursed +1 ring mail of Kleptomania {rF- MR++
                  | Int+5} (You found it on level 9 of the Dungeon)
  8048 | D:9      | Reached skill level 9 in Short Blades
  8173 | D:9      | Noticed Erolcha
  8182 | D:9      | Killed Erolcha
  8238 | D:10     | Entered Level 10 of the Dungeon
  8486 | D:10     | HP: 2/53 [killer bee (7)]
  8489 | D:10     | Succumbed to a killer bee's poison

Skill      XL: |  1  2  3  4  5  6  7  8  9 10 |
---------------+-------------------------------+-----
Shields        | 3 4 5 6 7 |  7.1
Short Blades   | 2 3 4 5 6 8 9 |  9.5
Armour         | 3 4 5 6 |  6.5
Dodging        | 1 2 3 |  3.2
Fighting       | 3 4 6 |  6.0
Stealth        | 1 |  1.2
Evocations     | |  0.7

Action                   |  1- 3 |  4- 6 |  7- 9 | 10-12 || total
-------------------------+-------+-------+-------+-------++-------
Melee: Rapier            |   137 |   202 |   270 |   191 ||   800
       Bite              |    31 |    52 |    90 |    65 ||   238
Evoke: Wand              |       |       |       |     5 ||     5
  Use: Potion            |     2 |     4 |     5 |     1 ||    12
       Scroll            |       |    13 |     3 |     3 ||    19
  Eat: Ration            |     1 |     1 |     4 |     2 ||     8
       Chunk             |       |     3 |       |       ||     3
Armor: Scale mail        |    72 |   131 |    55 |    44 ||   302
Dodge: Dodged            |    57 |    81 |    50 |    45 ||   233
Block: Shield            |    85 |   126 |   119 |   115 ||   445
